 Dungeon Crawl Stone Soup version 0.18-a0-1293-g5a2c81a (webtiles) character file.

161718 Duffy the Brawler (level 17, -42/156 HPs)
             Began as a Green Draconian Monk on Feb 10, 2016.
             Was the Champion of Cheibriados.
             Killed from afar by a tengu reaver (55 damage)
             ... with a bolt of magma
             ... on level 1 of the Depths.
             The game lasted 00:48:42 (30737 turns).

Duffy the Brawler (Green Draconian Monk)           Turns: 30737, Time: 00:48:42

Health: -42/156    AC: 20    Str: 43    XL:     17   Next: 20%
Magic:  23/23      EV: 30    Int: 26    God:    Cheibriados [******]
Gold:   2077       SH:  4    Dex: 32    Spells: 1 memorised, 21 levels left

rFire  . . .     SeeInvis .       - Unarmed
rCold  . . .     Gourm    .     (armour unavailable)
rNeg   + . .     Faith    .     (no shield)
rPois  +         Spirit   .     O - +2 hat
rElec  +         Dismiss  .     k - +2 cloak
rCorr  .         Reflect  +     C - +2 pair of gloves
SustAt .         Harm     .     s - +2 pair of boots "Vucruo" {rN+ Str+4}
MR     ++...                    l - +4 amulet of reflection
Stlth  ++++......               t - ring "Dohutz" {*Contam rElec Str+5 Stlth+}
                                j - ring of protection from magic

@: very slow, very resistant to hostile enchantments, stealthy
A: breathe noxious fumes, unfitting armour, stinger 1, agile 1, poison
resistance, cold-blooded, AC +9
a: Breathe Noxious Fumes, Bend Time, Temporal Distortion, Slouch, Step From
Time, Renounce Religion


You were on level 1 of the Depths.
You worshipped Cheibriados.
Cheibriados was exalted by your worship.
You were very hungry.

You visited 5 branches of the dungeon, and saw 27 of its levels.
You also visited: Labyrinth and Ice Cave.

You collected 2873 gold pieces.
You spent 796 gold pieces at shops.


Innate Abilities, Weirdness & Mutations

You can breathe blasts of noxious fumes.
Your lurid green scales are hard (AC +9).
Your body does not fit into most forms of armour.
Your tail ends in a poisonous barb.
Your system is resistant to poisons.
You are cold-blooded and may be slowed by cold attacks.
You are agile. (Dex +2)


   Skills:
 - Level 15.0 Fighting
 - Level 13.7 Dodging
 - Level 1.7 Stealth
 - Level 18.7 Unarmed Combat
 - Level 4.0 Spellcasting
 + Level 5.2 Charms
 + Level 5.9 Necromancy
 - Level 8.0 Invocations


You had 21 spell levels left.
You knew the following spells:

 Your Spells              Type           Power        Failure   Level  Hunger
a - Regeneration          Chrm/Necr      ####......   2%          3    ##.....

Inventory:

Hand Weapons
 K - a +2 blowgun
Missiles
 p - 82 poisoned needles
 S - a throwing net (quivered)
Armour
 k - a +2 cloak (worn)
 s - the +2 pair of boots "Vucruo" (worn) {rN+ Str+4}

   It affects your strength (+4).
   It protects you from negative energy.
 C - a +2 pair of gloves (worn)
 O - a +2 hat (worn)
Magical Staves
 Y - an uncursed staff of energy
Jewellery
 j - a ring of protection from magic (left hand)
 l - a +4 amulet of reflection (around neck)
 n - an uncursed ring of protection from fire
 t - the ring "Dohutz" (right hand) {*Contam rElec Str+5 Stlth+}

   [ring of stealth]

   It affects your strength (+5).
   It insulates you from electricity.
   It causes magical contamination when unequipped.
   It makes you more stealthy.
 D - a +4 ring of protection
 N - an uncursed ring of protection from cold
Wands
 J - a wand of disintegration (10/24)
 P - a wand of paralysis (17/24)
 R - a wand of disintegration (10/24)
 U - a wand of heal wounds (5/9)
Scrolls
 b - 3 scrolls of fog
 c - 5 scrolls of teleportation
 h - 7 scrolls of blinking
 m - 7 scrolls of remove curse
 v - a scroll of noise {unknown}
 y - 2 scrolls of acquirement {unknown}
 E - 3 scrolls of magic mapping
 F - 6 scrolls of recharging
 G - 7 scrolls of fear
 H - a scroll of holy word
 T - 2 scrolls of vulnerability
 X - 3 scrolls of silence
Potions
 e - 3 potions of magic
 f - 8 potions of agility
 g - 9 potions of curing
 i - 3 potions of might
 o - 6 potions of heal wounds
 u - 2 potions of brilliance
 w - 4 potions of flight
 I - 3 potions of resistance
 M - 3 potions of cure mutation
 Q - 3 potions of cancellation
 Z - 3 potions of invisibility
Miscellaneous
 q - a phial of floods
Comestibles
 a - 16 bread rations
 r - 11 fruits
 z - 5 beef jerkies
 A - 3 slices of pizza
 L - 10 meat rations

Dungeon Overview and Level Annotations

Branches:
Dungeon (15/15)            Temple (1/1) D:5            Lair (8/8) D:8
  Swamp (0/4) Lair:5        Snake (0/4) Lair:3        Slime (0/6) Lair:7
    Orc (2/2) D:12            Elf (0/3) Orc:2        Vaults (0/5) D:13
 Depths (1/5) D:15

Altars:
Ashenzari
Cheibriados
Dithmenos
Elyvilon
Fedhas
Gozag
Kikubaaqudgha
Makhleb
Nemelex Xobeh
Okawaru
Pakellas
Qazlal
Ru
Sif Muna
Trog
Vehumet
Xom
Yredelemnul
Zin
The Shining One

Shops:
D:7 ([   D:9 *   D:11 (   Orc:2 :}*[

Portals:
Hell: Depths:1

Annotations:
D:5 2 runed doors
Lair:5 exclusion: downstairs
Lair:6 exclusion: oklob plant


Message History

The tengu reaver hits you with a great sword!!
The tengu reaver pecks you but does no damage.
The tengu reaver closely misses you. The stone giant hits you!!
The two-headed ogre completely misses you. x2
You completely miss the stone giant.
You tail-slap the stone giant, but do no damage.
The stone giant is moderately wounded.
You hit the stone giant but do no damage.
You tail-slap the stone giant!
The stone giant is heavily wounded.
The stone giant completely misses you. The tengu reaver completely misses you.
The tengu reaver pecks you but does no damage.
The tengu reaver closely misses you. The two-headed ogre misses you.
The two-headed ogre completely misses you.
You punch the stone giant!
You tail-slap the stone giant, but do no damage.
You punch the stone giant!!
You kill the stone giant!
Cheibriados appreciates the change of pace.
You pummel the two-headed ogre!!
The two-headed ogre is almost dead.
The tengu reaver completely misses you. The tengu reaver closely misses you.
The tengu reaver claws you but does no damage.
The two-headed ogre completely misses you. x3
You block the two-headed ogre's attack.
You punch the two-headed ogre!
You kill the two-headed ogre!
Cheibriados thoroughly appreciates the change of pace.
You hit the two-headed ogre but do no damage.
You tail-slap the two-headed ogre! You punch the two-headed ogre!
You kill the two-headed ogre!
Cheibriados appreciates the change of pace.
The tengu reaver gestures at you while chanting.
The bolt of magma hits you!
You die...

7.7.7.#.#
#.####+##77
..)..(#.#
#.#.......
).(....(#
###.#.....#
...?..###
#...#.....#
7.7.7.#
#.###.....###.
......#
#...'.p.......
#######
#.###........#
#.# #........+
####+####@#####+#
#.......)QO......
#........*.......
#................
#................
#................
+..../...........
#................
################


You could see a tengu reaver, a two-headed ogre, a human and a battlesphere.

Action                   |  1- 3 |  4- 6 |  7- 9 | 10-12 | 13-15 | 16-18 || total
-------------------------+-------+-------+-------+-------+-------+-------++-------
Melee: Unarmed           |   160 |   180 |   306 |   621 |   809 |   692 ||  2768
 Fire: Blowgun           |       |       |     3 |       |       |       ||     3
Throw: Tomahawk          |       |       |       |    11 |     1 |       ||    12
Invok: Slouch            |       |       |       |     1 |     5 |     5 ||    11
       Temporal Distorti |       |       |       |       |     4 |       ||     4
Evoke: Wand              |       |       |       |       |       |     1 ||     1
  Use: Scroll            |       |     5 |     9 |     6 |    10 |    10 ||    40
       Potion            |       |       |       |       |     7 |     1 ||     8
 Stab: Sleeping          |     6 |     3 |     6 |    11 |     7 |    18 ||    51
       Distracted        |       |       |     2 |     3 |     5 |     4 ||    14
  Eat: Chunk             |     5 |     9 |     7 |    13 |    12 |    13 ||    59
       Pizza             |       |       |       |       |     2 |       ||     2
       Fruit             |       |       |       |       |     2 |       ||     2

Notes
Turn   | Place    | Note
--------------------------------------------------------------
     0 | D:1      | Duffy the Draconian Monk began the quest for the Orb.
     0 | D:1      | Reached XP level 1. HP: 19/19 MP: 1/1
   204 | D:1      | Reached XP level 2. HP: 26/26 MP: 2/2
  1264 | D:1      | Reached skill level 5 in Unarmed Combat
  1264 | D:1      | Reached XP level 3. HP: 29/31 MP: 3/3
  2173 | D:2      | Found an oddly glowing altar of Pakellas.
  2182 | D:2      | Found a glowing silver altar of Zin.
  2395 | D:3      | Found an opulent altar of Gozag.
  2417 | D:3      | Reached XP level 4. HP: 24/38 MP: 4/4
  2733 | D:3      | Reached skill level 6 in Unarmed Combat
  3372 | D:3      | Reached XP level 5. HP: 39/45 MP: 5/5
  4543 | D:5      | Entered Level 5 of the Dungeon
  4549 | D:5      | Noticed a phantom
  4579 | D:5      | Killed a phantom
  4579 | D:5      | Reached skill level 7 in Unarmed Combat
  4793 | D:5      | Reached XP level 6. HP: 51/51 MP: 6/6
  4809 | D:5      | Noticed an ice beast
  4839 | D:5      | Killed an ice beast
  4860 | D:5      | Found an iron altar of Okawaru.
  4879 | D:5      | Reached skill level 8 in Unarmed Combat
  5036 | D:5      | Found a staircase to the Ecumenical Temple.
  5045 | Temple   | Entered the Ecumenical Temple
  5392 | D:5      | Found a runed door.
  5413 | D:5      | Found a runed door.
  5463 | D:5      | Found a shimmering altar of Xom.
  5465 | D:5      | Noticed an ice beast
  5481 | D:5      | Killed an ice beast
  5481 | D:5      | Reached XP level 7. HP: 25/57 MP: 7/7
  5481 | D:5      | Gained mutation: Your system is resistant to poisons. [Green Draconian growth]
  5487 | D:5      | Reached skill level 9 in Unarmed Combat
  5705 | D:5      | Found a snail-covered altar of Cheibriados.
  5705 | D:5      | Found a blossoming altar of Fedhas.
  5705 | D:5      | Found a deep blue altar of Sif Muna.
  5707 | D:5      | Found a shattered altar of Ashenzari.
  5708 | D:5      | Found a glowing golden altar of the Shining One.
  5713 | D:5      | Became a worshipper of Cheibriados the Contemplative
  5713 | D:5      | Reached * piety under Cheibriados
  5713 | D:5      | Reached ** piety under Cheibriados
  6108 | D:6      | Noticed Eustachio
  6231 | D:6      | Killed Eustachio
  6231 | D:6      | Reached skill level 4 in Fighting
  6231 | D:6      | Reached XP level 8. HP: 49/67 MP: 8/8
  6480 | D:6      | Reached skill level 10 in Unarmed Combat
  6483 | D:6      | Reached skill level 5 in Fighting
  6645 | D:6      | Reached skill level 6 in Fighting
  6691 | D:6      | Reached skill level 3 in Dodging
  6846 | D:6      | Reached *** piety under Cheibriados
  6936 | D:6      | Found a burning altar of Makhleb.
  7003 | D:6      | Reached XP level 9. HP: 58/75 MP: 9/9
  7109 | D:6      | Reached skill level 4 in Dodging
  7109 | D:6      | Reached skill level 11 in Unarmed Combat
  7257 | D:7      | Found Plog's Antique Weapon Emporium.
  7332 | D:7      | Found Xeomp's Antique Armour Shoppe.
  7486 | D:7      | Reached **** piety under Cheibriados
  7486 | D:7      | Reached skill level 5 in Dodging
  7907 | D:7      | Reached skill level 6 in Dodging
  8028 | D:8      | Found a staircase to the Lair.
  8071 | D:8      | Noticed Prince Ribbit
  8110 | D:8      | Reached skill level 12 in Unarmed Combat
  8200 | D:8      | Found a stormy altar of Qazlal.
  8251 | D:8      | Reached ***** piety under Cheibriados
  8277 | D:8      | Found a white marble altar of Elyvilon.
  8290 | D:8      | Reached XP level 10. HP: 83/83 MP: 10/10
  8380 | D:8      | Noticed Joseph
  8413 | D:8      | Killed Joseph
  8413 | D:8      | Reached skill level 7 in Dodging
  9103 | D:9      | Found Lumah's Assorted Antiques.
  9114 | D:9      | Reached skill level 1 in Invocations
  9120 | D:9      | Bought a scroll labeled JAD GIAPRANT for 23 gold pieces
  9341 | D:9      | Reached skill level 2 in Invocations
  9353 | D:9      | Killed Prince Ribbit
  9482 | D:9      | Found a shadowy altar of Dithmenos.
  9497 | D:9      | Reached skill level 3 in Invocations
  9625 | D:9      | Noticed Gastronok
  9670 | D:9      | Killed Gastronok
  9670 | D:9      | Reached skill level 13 in Unarmed Combat
  9670 | D:9      | Reached skill level 5 in Invocations
 10287 | D:9      | Reached skill level 6 in Invocations
 10287 | D:9      | Reached XP level 11. HP: 81/89 MP: 15/15
 10346 | D:10     | Entered Level 10 of the Dungeon
 10480 | D:10     | Noticed a hill giant
 10499 | D:10     | Killed a hill giant
 10723 | D:10     | Found an oddly glowing altar of Pakellas.
 10843 | D:10     | Reached ****** piety under Cheibriados
 11141 | D:10     | Reached skill level 7 in Invocations
 11714 | D:10     | Noticed a hill giant
 11722 | D:10     | Killed a hill giant
 11722 | D:10     | Reached skill level 14 in Unarmed Combat
 11841 | Lair:1   | Entered Level 1 of the Lair of Beasts
 12023 | Lair:1   | Reached skill level 8 in Invocations
 12817 | Lair:2   | Noticed a four-headed hydra
 12817 | Lair:2   | Noticed a six-headed hydra
 12906 | Lair:2   | Reached skill level 7 in Fighting
 12937 | Lair:2   | Noticed a seven-headed hydra
 12947 | Lair:2   | Killed a seven-headed hydra
 13158 | Lair:2   | Reached skill level 8 in Dodging
 13242 | Lair:2   | Killed a four-headed hydra
 13422 | Lair:2   | Killed a six-headed hydra
 13422 | Lair:2   | Reached skill level 8 in Fighting
 13422 | Lair:2   | Reached XP level 12. HP: 85/101 MP: 18/18
 14189 | Lair:3   | Found a staircase to the Snake Pit.
 14635 | Lair:3   | Reached skill level 15 in Unarmed Combat
 14808 | Lair:4   | Noticed a catoblepas
 14820 | Lair:4   | Killed a catoblepas
 14820 | Lair:4   | Reached skill level 9 in Fighting
 14820 | Lair:4   | Reached skill level 9 in Dodging
 15467 | Lair:5   | Reached skill level 10 in Fighting
 15587 | Lair:5   | Noticed Kirke
 15607 | Lair:5   | Killed Kirke
 15763 | Lair:5   | Noticed an eight-headed hydra
 15769 | Lair:5   | Killed an eight-headed hydra
 15769 | Lair:5   | Reached XP level 13. HP: 96/114 MP: 19/19
 15887 | Lair:5   | Reached skill level 10 in Dodging
 16200 | Lair:5   | Found a staircase to the Swamp.
 16463 | Lair:5   | Reached skill level 11 in Fighting
 16471 | Lair:5   | Reached skill level 16 in Unarmed Combat
 17618 | Lair:6   | Reached skill level 11 in Dodging
 18522 | Lair:7   | Reached skill level 12 in Fighting
 18715 | Lair:7   | Gained mutation: Your tail ends in a poisonous barb. [Green Draconian growth]
 18715 | Lair:7   | Reached XP level 14. HP: 100/126 MP: 20/20
 19386 | Lair:7   | Found a sparkling altar of Nemelex Xobeh.
 19421 | Lair:7   | Noticed Snorg
 19432 | Lair:7   | Killed Snorg
 19913 | Lair:7   | Found a staircase to the Slime Pits.
 20088 | Lair:8   | Entered Level 8 of the Lair of Beasts
 20136 | Lair:8   | Reached skill level 12 in Dodging
 20151 | Lair:8   | Found a labyrinth entrance.
 20174 | Lab      | Entered a labyrinth
 20483 | Lab      | Reached skill level 17 in Unarmed Combat
 20583 | Lab      | Identified the Incunabulum of Freezing Moulding (You found it in a labyrinth)
 20584 | Lab      | Identified the Volume of Shape Shifting and Hexes (You found it in a labyrinth)
 20585 | Lab      | Got a transparent silver ring
 20587 | Lab      | Identified the ring "Dohutz" {*Contam rElec Str+5 Stlth+} (You found it in a labyrinth)
 20624 | Lair:8   | Reached skill level 13 in Fighting
 21897 | Lair:8   | Reached XP level 15. HP: 52/137 MP: 21/21
 23020 | D:11     | Reached skill level 14 in Fighting
 23039 | D:11     | Found Hitydiaqui's Antique Weapon Shop.
 23396 | D:11     | Reached skill level 18 in Unarmed Combat
 23396 | D:11     | Reached XP level 16. HP: 146/146 MP: 22/22
 23497 | D:11     | Reached skill level 13 in Dodging
 23586 | D:11     | Noticed Erica
 23596 | D:11     | Killed Erica
 24844 | D:12     | Found a staircase to the Orcish Mines.
 25139 | Orc:1    | Entered Level 1 of the Orcish Mines
 25222 | Orc:2    | Entered Level 2 of the Orcish Mines
 25222 | Orc:2    | Found a staircase to the Elven Halls.
 26242 | Orc:2    | Found Topicren's Gadget Shoppe.
 26242 | Orc:2    | Found Wiuce's General Store.
 26244 | Orc:2    | Found Nehiudor's Antique Armour Shop.
 26246 | Orc:2    | Found Afaeduocsoa's Book Emporium.
 26256 | Orc:2    | Bought a pair of crude boots for 294 gold pieces
 26267 | Orc:2    | Identified the +2 pair of boots "Vucruo" {rN+ Str+4} (You bought it in a shop on level 2 of the Orcish Mines)
 26269 | Orc:2    | Bought a potion of heal wounds for 85 gold pieces
 26269 | Orc:2    | Bought a scroll of magic mapping for 59 gold pieces
 26269 | Orc:2    | Bought a scroll of magic mapping for 59 gold pieces
 26904 | D:9      | Bought a potion of heal wounds for 115 gold pieces
 26904 | D:9      | Bought a potion of curing for 69 gold pieces
 26904 | D:9      | Bought a potion of agility for 92 gold pieces
 27042 | D:13     | Found a frozen archway.
 27077 | IceCv    | Entered an ice cave
 27223 | D:13     | Found a gate to the Vaults.
 27239 | D:13     | Reached skill level 15 in Fighting
 27348 | D:13     | Gained mutation: You are agile. (Dex +2) [potion of beneficial mutation]
 27415 | D:13     | Learned a level 3 spell: Regeneration
 27635 | D:13     | Reached skill level 1 in Necromancy
 27646 | D:13     | Reached skill level 1 in Charms
 27672 | D:13     | Reached skill level 1 in Spellcasting
 28397 | D:14     | Reached skill level 2 in Necromancy
 28551 | D:14     | Reached skill level 2 in Spellcasting
 28551 | D:14     | Reached skill level 2 in Charms
 28819 | D:14     | Reached skill level 3 in Necromancy
 29351 | D:14     | Reached skill level 3 in Spellcasting
 29364 | D:14     | Reached skill level 3 in Charms
 29387 | D:14     | Found a shadowy altar of Dithmenos.
 29570 | D:15     | Entered Level 15 of the Dungeon
 29683 | D:15     | Reached skill level 4 in Necromancy
 29833 | D:15     | Reached XP level 17. HP: 156/156 MP: 23/23
 29887 | D:15     | Reached skill level 4 in Spellcasting
 29981 | D:15     | Reached skill level 4 in Charms
 30180 | D:15     | Found an iron altar of Okawaru.
 30184 | D:15     | Reached skill level 5 in Necromancy
 30547 | D:15     | Found a staircase to the Depths.
 30574 | Depths:1 | Entered Level 1 of the Depths
 30574 | Depths:1 | Found a gateway to Hell.
 30612 | Depths:1 | Reached skill level 5 in Charms
 30737 | Depths:1 | Killed from afar by a tengu reaver

Vault maps used:
D:1:      dpeg_arrival_refuge
D:2:      amethyst_overflow_temple_binary, first_bread
D:3:      nicolae_gozag_cash_rules_everything_around_me
D:4:      kennysheep_generic_room_9
D:5:      lemuel_insect_pit, old_standard_altar, minitemple,
          minmay_temple_entry_purple_smoke
D:6:      makhleb_blood_cavern_becter, hangedman_abyss_or_decor_slice,
          uniq_eustachio
D:7:      serial_shops, kennysheep_mini_moat, nicolae_shop_trees
D:8:      nicolae_overflow_hidden_temple, elyvilon_altar_4, lair_0_dummy,
          uniq_joseph, uniq_prince_ribbit1
D:9:      lemuel_round_altar, serial_shops, nicolae_shop_trees,
          hangedman_fish_farm, uniq_gastronok
D:10:     johnstein_pakellas_death_squad
D:11:     serial_shops, shop, serial_bayou, serial_bayou_pond_e,
          serial_bayou_lagoon_a, serial_bayou_lake_a, serial_bayou_lagoon_b,
          kennysheep_generic_room_2, uniq_erica
D:12:     erik_orc_1
D:13:     david_vaults_2, portal_ice_cave_entry_imps
D:14:     nicolae_dithmenos_the_darkroom, nrook_guardian_serpent_double
D:15:     grunt_enter_depths_hoard, lemuel_tele_altar
Temple:   circular_temple_6
Lair:1:   grunt_megastairs_2
Lair:3:   minmay_snake_entry_guardpost_small, serial_bayou_shore_a,
          grunt_megastairs_3
Lair:4:   st_stairs_4, hibernation_bobbens, lemuel_fruit_tree
Lair:5:   nicolae_swamp_entry_splash_gauntlet, patterned_corridor,
          grunt_megastairs_1, uniq_kirke
Lair:7:   dpeg_slime_entry_corner, basic_altar, uniq_snorg
Lair:8:   hangedman_lair_tendril_chambers, lab_entry_generic, minivault_19
Orc:1:    nicolae_orc_rockfall
Orc:2:    st_orc_rangers, mines3_lemuel
Depths:1: tso_altar, hell_entry, minmay_tree_intersection, grunt_ministairs_3,
          spider_trap, lemuel_flamethrower_3
Lab:      nicolae_lab_quarters, nicolae_lab_big_swirl
IceCv:    ice_cave_statue_garden_02

Vanquished Creatures
  Gastronok Kirke
  An orc warlord
  A stone giant
  2 ettins Snorg
  A fire dragon
  A minotaur
  A yaktaur captain
  9 hydras
  An ice dragon
  6 centaur warriors
  A death knight
  A catoblepas Erica
  16 death yaks
  3 tengu warriors
  A fire crab
  4 unseen horrors
  6 hill giants
  4 orc knights
  4 harpies
  A hornet
  2 orc sorcerers
  2 deep elf magi
  15 ugly things
  A wolf spider
  2 griffons
  3 cyclopes
  An oklob plant
  9 black mambas
  11 elephants
  6 centaur zombies
  2 guardian serpents
  A guardian serpent (shapeshifter)
  3 gargoyles Joseph
  2 torpor snails
  21 spiny frogs
  9 komodo dragons
  2 yaktaurs
  A centaur skeleton
  3 fire drakes
  A polar bear
  A merfolk Prince Ribbit
  A hornet zombie
  7 trolls
  7 two-headed ogres
  5 slime creatures
  20 blink frogs
  A harpy skeleton
  2 boulder beetles
  3 shadows
  6 wyverns
  A vampire
  A wraith
  8 basilisks Eustachio
  2 humans
  2 hogs
  59 yaks
  10 hippogriffs
  3 hungry ghosts
  A mottled dragon
  26 wolves
  5 swamp worms
  4 vampire mosquitoes
  3 nagas
  27 water moccasins
  11 porcupines
  A swamp drake
  38 orc warriors
  2 eyes of draining
  12 wasps
  11 ice beasts
  A black bear
  4 boggarts
  2 necrophages
  6 sky beasts
  14 ogres
  29 centaurs
  4 phantoms
  18 crocodiles
  A big kobold
  A wyvern zombie
  A gnoll sergeant
  36 giant frogs
  5 scorpions
  2 water moccasin skeletons
  A wight
  9 electric eels
  5 crimson imps
  A quasit
  5 giant frog zombies
  3 jellies
  25 orc wizards
  2 giant frog skeletons
  14 orc priests
  5 hounds
  12 iguanas
  16 worker ants
  A killer bee zombie
  35 sheep
  A hound zombie
  2 hound skeletons
  5 gnolls
  85 river rats
  16 adders
  5 shadow imps
  12 white imps
  2 adder skeletons
  5 worms
  4 giant geckos
  93 orcs
  7 giant cockroaches
  10 hobgoblins
  8 jackals
  10 kobolds
  7 quokkas
  2 ball pythons
  9 bats
  6 giant newts
  8 goblins
  A jackal skeleton
  A jackal zombie
  9 rats
  2 bushes
  83 fungi
  58 plants
1157 creatures vanquished.
